 Dungeon Sprint DCSS version 0.30-a0-305-g026cb31310 (webtiles) character file.

Game seed: 4840927981798638792

2860 mhtbhm the Basher (level 9, -10/142 HPs)
             Began as an Armataur Berserker on Oct 23, 2022.
             Was an Elder of Trog.
             Mangled by a centaur warrior (12 damage)
             ... in the Dungeon (Sprint I: "Red Sonja").
             The game lasted 00:01:35 (1083 turns).

mhtbhm the Basher (Armataur Berserker)              Turns: 1083, Time: 00:01:36

Health: -10/142    AC:  4    Str: 26    XL:     9   Next: 47%
Magic:  9/9        EV: 11    Int:  8    God:    Trog [****..]
Gold:   826        SH:  0    Dex: 10    Spells: 8/8 levels left

rFire   . . .      SeeInvis .    a - +0 mace
rCold   . . .      Faith    .    (no shield)
rNeg    . . .      Spirit   .    b - +0 animal skin
rPois   .          Reflect  .    (no helmet)
rElec   .          Harm     .    (no cloak)
rCorr   .          Roll     +    (no gloves)
Will    .....      NoTele   +    (no barding)
Stlth   ..........               (no amulet)
HPRegen 0.43/turn                (no ring)
MPRegen 0.11/turn                (no ring)

@: berserking, very quick
A: large, rugged brown scales 3, deformed body, armoured tail, roll, long
tongue, awkward tongue
a: Renounce Religion, Berserk, Trog's Hand, Brothers in Arms


You were in the Dungeon.
You worshipped Trog.
Trog was greatly pleased with you.
You visited 1 branch You collected 896 gold pieces.
You spent 70 gold pieces at shops.

Inventory:

Hand Weapons
 a - a +0 mace (weapon)
Missiles
 k - 2 curare-tipped darts (quivered)
Armour
 b - a +0 animal skin (worn)
Potions
 c - 3 potions of curing
 d - 2 potions of heal wounds
 e - a potion of haste
 f - 2 potions of magic
 g - a potion of berserk rage
 i - a potion of might {unknown}
 j - a potion of degeneration {unknown}


   Skills:
 + Level 11.5 Fighting
 + Level 13.6 Maces & Flails
 + Level 7.2 Armour
 + Level 7.0 Dodging
 + Level 4.8 Stealth
 + Level 0.6 Evocations


You had 8 spell levels left.
You didn't know any spells.
Your spell library was empty.

Dungeon Overview and Level Annotations

Branches:
Dungeon (1/1)

Altars:
Cheibriados
Dithmenos
Elyvilon
Fedhas
Gozag
Hepliaklqana
Kikubaaqudgha
Makhleb
Nemelex Xobeh
Okawaru
Qazlal
Ru
Sif Muna
Trog
Uskayaw
Vehumet
Wu Jian
Xom
Yredelemnul
Zin
The Shining One
Jiyva
Lugonu

Shops:
D !([


Innate Abilities, Weirdness & Mutations

You are completely covered in rugged brown scales. (AC +3, +7% HP)
Armour fits poorly on your strangely shaped body.
You have a long armoured tail.
You roll when moving toward enemies. (Rampage)
Your long tongue fully drains potion bottles. (2x potion effects)
Your tongue gives you trouble enunciating. (1.5x scroll delay)


Message History

You are too injured to fight recklessly!
You are too injured to fight recklessly!
You are too injured to fight recklessly!
You are too injured to fight recklessly!
You are too injured to fight recklessly!
You are too injured to fight recklessly!
You are too injured to fight recklessly!
You are too injured to fight recklessly!
You are too injured to fight recklessly!
You are too injured to fight recklessly!
You thump the centaur warrior!
The centaur warrior is heavily wounded.
The centaur warrior hits you!
* * * LOW HITPOINT WARNING * * *
The centaur warrior barely misses you. The centaur warrior hits you!
* * * LOW HITPOINT WARNING * * *
The centaur warrior kicks you.
* * * LOW HITPOINT WARNING * * *
You sock the centaur warrior!
Your tail-slap misses the centaur warrior.
The centaur warrior is severely wounded.
The centaur warrior hits you.
* * * LOW HITPOINT WARNING * * *
The centaur warrior kicks you.
* * * LOW HITPOINT WARNING * * *
The centaur warrior hits you!
* * * LOW HITPOINT WARNING * * *
The centaur warrior kicks you.
* * * LOW HITPOINT WARNING * * *
You hit the centaur warrior. You tail-slap the centaur warrior!
You kill the centaur warrior!
Trog accepts your kill. The centaur warrior hits you!
* * * LOW HITPOINT WARNING * * *
The centaur warrior barely misses you.
Your Dodging skill increases to level 7!
You sock the centaur warrior! You tail-slap the centaur warrior.
The centaur warrior is moderately wounded.
The centaur warrior hits you!
You die...

#######################
#..').#..'..#__#..'..)#
').#..').#..'..'..#.).#
#####'#####'#__####...+
####..#...#.####§§#####
#__####..##.#§§§§§#
#_____##'#_.+§§~@.+
#_.∩...'..._#§§§§c#
#_..__##_.#'##§####
#_____###'#:#§§.(###
#########.####'###[##
.......'...'.....'.∩#
++++####...##########
###.### #.#'#.#


You could see a centaur warrior.

Vanquished Creatures
  A centaur warrior (D)
  Sonja (D)
  A deep troll (D)
  2 kobold demonologists (D)
  A slime creature (D)
  Sigmund (D)
  A yak (D)
  A floating eye (D)
  An ogre (D)
  A jelly (D)
  Ijyb (D)
12 creatures vanquished.

Vanquished Creatures (others)
  2 ballistomycete spores (D)
2 creatures vanquished.

Grand Total: 14 creatures vanquished

Notes
Turn   | Place    | Note
-------+----------+-------------------------------------------
     0 | D        | mhtbhm the Armataur Berserker began the quest for the Orb.
     0 | D        | Reached XP level 1. HP: 19/19 MP: 1/1
     1 | D        | Noticed Ijyb
    12 | D        | Killed Ijyb
    13 | D        | Reached skill level 4 in Maces & Flails
    13 | D        | Reached XP level 2. HP: 10/28 MP: 2/2
    94 | D        | Noticed an ogre
    98 | D        | Killed an ogre
    99 | D        | Reached skill level 5 in Fighting
    99 | D        | Reached skill level 6 in Maces & Flails
    99 | D        | Reached XP level 3. HP: 25/39 MP: 3/3
    99 | D        | Reached XP level 4. HP: 30/47 MP: 4/4
   192 | D        | Noticed Sigmund
   203 | D        | Killed Sigmund
   203 | D        | Reached ** piety under Trog
   204 | D        | Reached skill level 7 in Maces & Flails
   204 | D        | Reached XP level 5. HP: 37/55 MP: 5/5
   310 | D        | Found an ornate altar of the Wu Jian Council.
   310 | D        | Found a shimmering blue altar of Sif Muna.
   312 | D        | Found a radiant altar of Vehumet.
   319 | D        | Reached skill level 8 in Maces & Flails
   319 | D        | Reached XP level 6. HP: 36/65 MP: 6/6
   468 | D        | Found Ikedus's Weapon Emporium.
   468 | D        | Found an ancient bone altar of Kikubaaqudgha.
   468 | D        | Found a hazy altar of Hepliaklqana.
   468 | D        | Found a stormy altar of Qazlal.
   468 | D        | Found a hide-covered altar of Uskayaw.
   468 | D        | Found a blossoming altar of Fedhas.
   468 | D        | Found a bloodstained altar of Trog.
   468 | D        | Found an iron altar of Okawaru.
   468 | D        | Found a basalt altar of Yredelemnul.
   468 | D        | Found a glowing golden altar of the Shining One.
   468 | D        | Found a snail-covered altar of Cheibriados.
   468 | D        | Found a sacrificial altar of Ru.
   468 | D        | Found a glowing silver altar of Zin.
   468 | D        | Found a shadowy altar of Dithmenos.
   468 | D        | Found a white marble altar of Elyvilon.
   468 | D        | Noticed a yak
   469 | D        | Found an opulent altar of Gozag.
   475 | D        | Killed a yak
   476 | D        | Reached skill level 9 in Maces & Flails
   476 | D        | Reached skill level 5 in Armour
   476 | D        | Reached skill level 1 in Stealth
   476 | D        | Found a sparkling altar of Nemelex Xobeh.
   643 | D        | Found a burning altar of Makhleb.
   643 | D        | Found a viscous altar of Jiyva.
   643 | D        | Found a shimmering altar of Xom.
   643 | D        | Found a corrupted altar of Lugonu.
   643 | D        | Noticed a slime creature
   650 | D        | Killed a slime creature
   651 | D        | Reached XP level 7. HP: 73/73 MP: 7/7
   709 | D        | Noticed a kobold demonologist
   710 | D        | Noticed a kobold demonologist
   711 | D        | Noticed a rust devil
   712 | D        | Reached skill level 10 in Maces & Flails
   713 | D        | Noticed a ynoxinul
   713 | D        | Noticed an orange demon
   718 | D        | Killed a kobold demonologist
   718 | D        | Reached *** piety under Trog
   719 | D        | Reached skill level 11 in Maces & Flails
   725 | D        | Noticed a neqoxec
   725 | D        | Killed a kobold demonologist
   726 | D        | Reached skill level 10 in Fighting
   726 | D        | Reached skill level 5 in Dodging
   726 | D        | Reached XP level 8. HP: 84/84 MP: 8/8
   785 | D        | Noticed Sonja
   791 | D        | Killed Sonja
   791 | D        | Reached **** piety under Trog
   792 | D        | Reached skill level 12 in Maces & Flails
   834 | D        | Found Ywoschaeg's Distillery.
   842 | D        | Bought a potion of heal wounds for 70 gold pieces
   983 | D        | Noticed a deep troll
   989 | D        | Killed a deep troll
   990 | D        | Reached skill level 13 in Maces & Flails
   990 | D        | Reached XP level 9. HP: 95/95 MP: 9/9
   999 | D        | Found Tisk's Armour Emporium.
  1075 | D        | Noticed a centaur warrior
  1075 | D        | Noticed a centaur warrior
  1082 | D        | Killed a centaur warrior
  1082 | D        | HP: 2/142 [centaur warrior (10)]
  1083 | D        | Mangled by a centaur warrior

Illustrated notes

Levels and vault maps discovered:
D:        dungeon_sprint_1 [red_sonja_temple_1, red_sonja_temple_small_1]

Skill      XL: |  1  2  3  4  5  6  7  8  9 |
---------------+----------------------------+-----
Fighting       | 4 5 7 8 10 11 | 11.5
Maces & Flails | 4 6 7 8 9 11 13 | 13.6
Armour         | 3 4 5 6 7 |  7.2
Dodging        | 2 3 4 5 6 7 |  7.0
Stealth        | 2 3 4 |  4.8
Evocations     | |  0.6

Action                   |  1- 3 |  4- 6 |  7- 9 || total
-------------------------+-------+-------+-------++-------
Melee: Mace              |    13 |    27 |    27 ||    67
       Tailslap          |     1 |     3 |     7 ||    11
Invok: Berserk           |     2 |     3 |     4 ||     9
Evoke: Wand              |       |       |     2 ||     2
  Use: Scroll            |       |       |     1 ||     1
 Stab: Sleeping          |       |     1 |       ||     1
Armor: Animal skin       |     2 |       |    10 ||    12
Dodge: Dodged            |     2 |     6 |    26 ||    34

Table legend: (Time is in decaauts)
 A = Elapsed time spent in this place.
 B = Non-inter-level travel time spent in this place.
 C = Inter-level travel time spent in this place.
 D = Time resting spent in this place.
 E = Time spent auto-exploring this place.
 F = Levels seen in this place.
 G = Mean time per level.
                   A        B        C        D        E       F      G
               +--------+--------+--------+--------+--------+-----+--------+
         Total |   1144 |   1144 |      0 |    804 |      1 |   1 | 1144.0 |
       Dungeon |   1144 |   1144 |      0 |    804 |      1 |   1 | 1144.0 |
               +--------+--------+--------+--------+--------+-----+--------+

Top non-repeatable levels by time:
       D: 1144 daAuts
